AoeStats
← M@nqu!to

Arabia

505745770Analyzed
1v1 RM · 20d ago on Sep 10, 2026· 47m 46s· 2 players
Game mode
Random Map
Map size
Tiny (2 player)
Population
200
Speed
Normal
Resources
Standard
Victory
Conquest
Starting age
Dark Age
Ending age
Imperial Age
RankedLock teamsTeams togetherTeam positionsShared explorationLock speedFull tech treeHidden civsTurbo modeCheats
Victory
Defeat
🇵🇪 Slavs · Peru
1161
+15
🇨🇱 Koreans · Chile
1140
-15
josechos8
7:20 Loom
10:18 Feudal Age
11:22 Double-Bit Axe
24:02 Castle Age
24:05 Crossbowman
25:32 Fletching
28:05 Bow Saw
28:16 Thumb Ring
35:29 Pikeman
36:51 Forging
36:41 Scale Mail Armor
41:19 Imperial Age
44:32 Chain Mail Armor
47:28 Arbalester
M@nqu!to
7:56 Loom
9:59 Feudal Age
10:17 Man-at-Arms
17:00 Town Watch
17:50 Wheelbarrow
17:25 Fletching
18:31 Horse Collar
18:46 Double-Bit Axe
20:34 Scale Barding Armor
21:27 Forging
24:25 Bloodlines
30:05 Castle Age
32:06 Husbandry
33:06 Chain Barding Armor
32:10 Light Cavalry
36:07 Scale Mail Armor
36:42 Iron Casting
37:39 Long Swordsman
38:19 Squires
41:07 Chain Mail Armor
44:52 Imperial Age
45:32 Heavy Plow
46:30 Plate Barding Armor
46:28 Plate Mail Armor
46:59 Blast Furnace
45:22 Two-Handed Swordsman
45:56 Hussar
Connection lost

Rejoining the realm…

Still unreachable

The connection could not be restored.

Session expired

The server has moved on; the page needs a fresh start.